 Dungeon Crawl Stone Soup version 0.31-a0-277-g31ea1f65cc (webtiles) character file.

Game seed: 2598092038370516021

25211 HallandMoats the Fighter (level 12, -37/103 HPs)
             Began as a Demonspawn Monk on July 15, 2023.
             Was a High Priest of Qazlal.
             Killed from afar by a hellion (40 damage)
             ... with damnation
             ... summoned by a dread lich
             ... on level 2 of the Abyss.
             The game lasted 00:31:32 (15211 turns).

HallandMoats the Fighter (Demonspawn Monk)         Turns: 15211, Time: 00:31:32

Health: -37/103    AC: 12    Str: 24    XL:     12   Next: 87%
Magic:  19/19      EV: 15    Int: 12    God:    Qazlal [*****.]
Gold:   852        SH: 24    Dex: 16    Spells: 11/11 levels left

rFire   + +          .
                       - Unarmed
rCold   + + .        s - +2 shield of Resistance {rF++ rC++ Will++}
rNeg    . . .        V - +2 leather armour {rPois}
rPois   +            z - +0 helmet
rElec   .            p - +0 cloak of Fun {Str+2}
rCorr   .            (gloves unavailable)
SInv    .            (no boots)
Will    ++...        m - amulet of reflection
Stlth   +            N - +4 ring of protection
HPRegen 0.37/turn    F - +6 ring of strength
MPRegen 0.16/turn

%: repel missiles, reflection
@: about to teleport
A: claws 3, demonic guardian 1, powered by death 3
a: Renounce Religion, Upheaval, Elemental Force, Disaster Area


You were on level 2 of the Abyss.
You worshipped Qazlal.
Qazlal was extremely pleased with you.
You visited 1 branch of the dungeon, and saw 13 of its levels.
You visited the Abyss 1 time.
You also visited: Sewer and Gauntlet.

You collected 852 gold pieces.

Inventory:

Hand Weapons
 b - a +5 spear of freezing
 K - a +0 broad axe of flaming
 P - the +6 Majin-Bo {spellvamp, MP+6 Int+6}
   (You took it off a minotaur in a Gauntlet)

   Int:       It affects your intelligence (+6).
   MP:        It affects your magic capacity (+6).
Armour
 d - an orb of light
 i - a +2 leather armour of willpower
 p - the +0 cloak of Fun (worn) {Str+2}
   (You found it in a Gauntlet)

   Str:       It affects your strength (+2).
 s - the +2 shield of Resistance (worn) {rF++ rC++ Will++}
   (You acquired it on level 11 of the Dungeon)

   rF:        It greatly protects you from fire.
   rC:        It greatly protects you from cold.
   Will:      It greatly increases your willpower.
 z - a +0 helmet (worn)
 V - a +2 leather armour of poison resistance (worn)
Jewellery
 k - a ring of willpower
 m - an amulet of reflection (around neck)
 D - a ring of protection from fire
 E - a ring of flight
 F - a +6 ring of strength (right claw)
 I - an amulet of guardian spirit
 M - a +6 ring of strength
 N - a +4 ring of protection (left claw)
Talismans
 W - a dragon-blood talisman
Wands
 t - a wand of paralysis (23)
 u - a wand of polymorph (12)
 L - a wand of flame (13)
 O - a wand of digging (13)
 S - a wand of acid (6)
 U - a wand of iceblast (6)
Scrolls
 a - 3 scrolls of identify
 e - a scroll of enchant armour
 f - a scroll of summoning
 g - 3 scrolls of revelation
 n - 4 scrolls of fog {unknown}
 q - 2 scrolls of amnesia {unknown}
 v - 2 scrolls of enchant weapon {unknown}
 x - 3 scrolls of noise {unknown}
 y - a scroll of silence
 B - a scroll of brand weapon
 G - a scroll of fear {unknown}
 H - 2 scrolls of poison
 Q - a scroll of blinking {unknown}
Potions
 h - 5 potions of enlightenment
 l - 2 potions of haste
 o - a potion of berserk rage {unknown}
 r - 4 potions of curing
 w - a potion of cancellation {unknown}
 A - a potion of brilliance {unknown}
 C - a potion of lignification {unknown}
 J - 2 potions of mutation {unknown}
 R - a potion of magic {unknown}
 T - 2 potions of degeneration {unknown}
 X - a potion of invisibility {unknown}


   Skills:
 * Level 12.9 Fighting
 - Level 3.1 Axes
 + Level 6.5 Armour
 + Level 8.8 Dodging
 * Level 6.8 Shields
 + Level 7.9 Unarmed Combat
 + Level 10.3 Invocations


You had 11 spell levels left.
You didn't know any spells.
Your spell library contained the following spells:

 Spells                   Type           Power      Damage    Failure   Level
 Kiss of Death            Conj/Necr      0%         2d5       58%         1
 Wereblood                Tmut           0%         N/A       73%         2
 Confusing Touch          Hex            0%         N/A       91%         3
 Animate Dead             Necr           0%         N/A       100%        4
 Dispel Undead            Necr           0%         3d6       100%        4
 Irradiate                Conj/Tmut      0%         3d11      100%        5
 Haunt                    Necr/Summ      0%         N/A       100%        7
 Infestation              Necr           0%         N/A       100%        8
 Chain Lightning          Conj/Air       0%         N/A       100%        9
 Fire Storm               Conj/Fire      0%         5d1       100%        9
 Shatter                  Erth           0%         3d5*      100%        9


Dungeon Overview and Level Annotations

Branches:
Dungeon (13/15)            Temple (0/1) D:5            Lair (0/5) D:11
    Orc (0/2) D:12          Sewer (visited)         Gauntlet (visited)
 Vaults: D:13-14

Altars:
Ashenzari
Dithmenos
Fedhas
Kikubaaqudgha
Qazlal
Ru
Vehumet

Portals:
Trove: D:11 (give 14 scrolls of teleportation)

Annotations:
D:3 3 runed translucent doors, salammoniac's ghost, amateur OpSh
D:6 3 runed translucent doors, LustLizard's ghost, novice OpSh; Starbright's ghost, novice FoVM; Tollund's ghost, amateur FoHu; knightboat's ghost, novice DrSh
D:13 3 runed translucent doors, Ofeo's ghost, journeyman AtRe; Sonja


Innate Abilities, Weirdness & Mutations

You have claws for hands.
A weak demonic guardian rushes to your aid.
You regenerate a lot of health from kills.


Message History

You hear a bark!
A raiju comes into view. x2
You hear a bark!
You hear a bark!
You hear a bark!
A small abomination comes into view.
There is a gateway leading deeper into the Abyss here.
You hear a roar!
You plunge deeper into the Abyss.
You start resting.
You hear a shout!
A dread lich comes into view.
As you read the scroll of teleportation, it crumbles to dust.
You feel strangely unstable.
You feel the power of the Abyss delaying your translocation!
The dread lich casts a spell at you.
You suddenly lose the ability to move!
The dread lich mumbles some strange words.
The dread lich flickers and vanishes!
Deactivating autopickup; reactivate with Ctrl-A.
You can move again.
Unknown command.
You hear some strange, mumbled words.
The hellion gestures at you.
The sphere of damnation explodes!
The damnation engulfs you!!!
* * * LOW HITPOINT WARNING * * *
A demonic guardian appears!
The damnation engulfs your quasit!!
Your quasit dies!
Your quasit disappears in a puff of smoke!
You hear some strange, mumbled words.
You feel much better. The hellion gestures at you.
The sphere of damnation explodes!
The damnation engulfs you!!
* * * LOW HITPOINT WARNING * * *
A demonic guardian appears!
The damnation engulfs your hellwing!!
You hear some strange, mumbled words.
Your hellwing resists with significant effort.
The hellion gestures at you.
The sphere of damnation explodes!
The damnation engulfs you!!!
You die...

##### ###
#.@.#
##..##4.##
##..#...##
##..2°#.##
#......#.#
#.§#.#..##
######
....##
##..


You could see a hellion (summoned) and a friendly hellwing (summoned).

Vanquished Creatures
  A minotaur (Gauntlet)
  3 centaur warriors (D:13)
  A ghost crab (Gauntlet)
  2 two-headed ogres
  A boulder beetle (D:12)
  5 death yaks
  2 starcursed masses (Abyss:1)
  3 ugly things
  2 cyclopes (D:13)
  2 manticores
  A smoke demon (D:12)
  A centaur skeleton (D:11)
  An efreet (Abyss:1)
  2 minotaur zombies (Gauntlet)
  A tengu conjurer (D:13)
  An ice devil (Gauntlet)
  A redback zombie (D:11)
  2 guardian mummies (D:11)
  2 red devils
  A harpy zombie (Abyss:1)
  3 hellwings
  A troll (D:12)
  3 hornets
  3 slime creatures
  2 vampires
  2 shadows (D:12)
  A wyvern (D:6)
  A fire elemental (D:12)
  2 fire bats (Gauntlet)
  12 yaks
  A chaos spawn (Abyss:1)
  A basilisk (D:11)
  Edmund (D:4)
  3 vampire mosquitoes (D:11)
  A redback simulacrum (D:11)
  A steam dragon (D:10)
  2 acid dragons (D:11)
  A water moccasin (D:5)
  An orc warrior (D:8)
  A black bear (D:8)
  2 large abominations (Abyss:1)
  2 sky beasts
  3 ogres
  4 centaurs
  2 phantoms (D:5)
  A kobold brigand (D:7)
  2 bullfrogs
  3 small abominations (Abyss:1)
  4 gnoll sergeants
  2 scorpions
  3 wights (D:10)
  A howler monkey (D:7)
  A vampire bat (D:5)
  A bullfrog zombie (D:5)
  4 centaur zombies
  2 hounds (D:4)
  A bullfrog skeleton (D:5)
  A gnoll bouda (D:5)
  A jelly (D:6)
  An orc priest (D:9)
  An iron imp (D:5)
  A boggart zombie (D:11)
  4 iguanas
  A sleepcap (D:6)
  Ijyb (D:3)
  Natasha (twice) (D:2)
  4 orc wizards
  A scorpion zombie (D:5)
  A boggart skeleton (D:11)
  A hound zombie (D:5)
  16 gnolls
  2 river rats (Sewer)
  14 adders
  4 shadow imps
  4 white imps
  An ufetubus (D:5)
  An adder skeleton (D:5)
  A worm (D:5)
  2 dart slugs
  24 orcs
  10 bats
  3 endoplasms
  4 giant cockroaches
  7 goblins
  4 hobgoblins
  A jackal (D:3)
  5 quokkas
  7 ball pythons
  12 frilled lizards
  A goblin skeleton (D:5)
  A goblin zombie (D:5)
  5 hobgoblin zombies (D:5)
  6 kobolds
  A kobold skeleton (D:5)
  2 orc zombies (D:5)
  9 rats
283 creatures vanquished.

Vanquished Creatures (collateral kills)
  An ice beast (D:7)
  An ogre (D:4)
  An iguana (D:6)
  Natasha (D:2)
  An orc wizard (D:8)
  An adder (D:2)
  2 gnolls (D:5)
  A howler monkey skeleton (D:5)
  An orc (D:8)
  A ball python (Sewer)
  An endoplasm (D:2)
  A hobgoblin (D:2)
13 creatures vanquished.

Grand Total: 296 creatures vanquished

Notes
Turn   | Place    | Note
-------+----------+-------------------------------------------
     0 | D:1      | HallandMoats the Demonspawn Monk began the quest for the
                  | Orb.
     0 | D:1      | Reached XP level 1. HP: 18/18 MP: 1/1
   202 | D:1      | Gained mutation: A weak demonic guardian rushes to your
                  | aid. [demonic ancestry]
   202 | D:1      | Reached XP level 2. HP: 21/24 MP: 2/2
   786 | D:2      | Noticed Natasha
   807 | D:2      | Killed Natasha
   808 | D:2      | Gained mutation: You have sharp fingernails. [demonic
                  | ancestry]
   808 | D:2      | Reached XP level 3. HP: 5/30 MP: 3/3
  1055 | D:2      | Reached skill level 4 in Fighting
  1058 | D:2      | Noticed Natasha
  1080 | D:2      | Killed Natasha
  1081 | D:2      | Gained mutation: You have very sharp fingernails. [demonic
                  | ancestry]
  1081 | D:2      | Reached XP level 4. HP: 8/37 MP: 4/4
  1333 | D:2      | Noticed Natasha
  1346 | D:2      | Killed Natasha
  1347 | D:2      | Reached skill level 1 in Unarmed Combat
  1476 | D:2      | Found a blossoming altar of Fedhas.
  1768 | D:2      | Reached XP level 5. HP: 32/43 MP: 5/5
  2020 | D:3      | Found a runed translucent gate.
  2020 | D:3      | Noticed salammoniac's ghost (amateur OpSh)
  2021 | D:3      | Found a runed translucent gate.
  2021 | D:3      | Found a runed translucent gate.
  2418 | D:3      | Noticed Ijyb
  2441 | D:3      | Killed Ijyb
  2586 | D:3      | Found a glowing drain.
  2590 | Sewer    | Entered a sewer
  2743 | Sewer    | Reached skill level 5 in Fighting
  3319 | D:4      | Reached XP level 6. HP: 43/51 MP: 6/6
  3891 | D:4      | Found a stormy altar of Qazlal.
  3891 | D:4      | Noticed a sky beast
  3918 | D:4      | Killed a sky beast
  3919 | D:4      | Reached skill level 6 in Fighting
  3919 | D:4      | Gained mutation: You regenerate a little health from kills.
                  | [demonic ancestry]
  3919 | D:4      | Reached XP level 7. HP: 39/58 MP: 7/7
  3978 | D:4      | Became a worshipper of Qazlal Stormbringer
  3978 | D:4      | Reached * piety under Qazlal
  3978 | D:4      | Reached ** piety under Qazlal
  4296 | D:5      | Entered Level 5 of the Dungeon
  4358 | D:5      | Reached skill level 1 in Invocations
  4445 | D:5      | Noticed Edmund
  4695 | D:4      | Killed Edmund
  4863 | D:5      | Reached skill level 7 in Fighting
  4872 | D:5      | Reached XP level 8. HP: 43/67 MP: 8/10
  5023 | D:5      | Reached skill level 5 in Dodging
  5671 | D:5      | Found a staircase to the Ecumenical Temple.
  5870 | D:6      | Found a runed translucent gate.
  5877 | D:6      | Found a blossoming altar of Fedhas.
  5916 | D:6      | Found a shadowy altar of Dithmenos.
  6013 | D:6      | Reached skill level 8 in Fighting
  6264 | D:6      | Reached *** piety under Qazlal
  6349 | D:6      | Found a runed translucent gate.
  6351 | D:6      | Found a runed translucent gate.
  6351 | D:6      | Noticed Tollund's ghost (amateur FoHu)
  6351 | D:6      | Noticed LustLizard's ghost (novice OpSh)
  6352 | D:6      | Noticed Starbright's ghost (novice FoVM)
  6353 | D:6      | Noticed knightboat's ghost (novice DrSh)
  6862 | D:7      | Noticed a slime creature
  6867 | D:7      | Gained mutation: You have claws for hands. [demonic
                  | ancestry]
  6867 | D:7      | Reached XP level 9. HP: 65/75 MP: 12/12
  6872 | D:7      | Reached skill level 5 in Invocations
  6877 | D:7      | HP: 1/75 [slime creature (18)]
  6899 | D:7      | Reached skill level 1 in Armour
  7432 | D:7      | Reached skill level 9 in Fighting
  7588 | D:7      | Reached skill level 5 in Unarmed Combat
  7638 | D:7      | Found a radiant altar of Vehumet.
  8315 | D:9      | Noticed a two-headed ogre
  8325 | D:8      | Killed a two-headed ogre
  8614 | D:9      | Gained mutation: You regenerate health from kills. [demonic
                  | ancestry]
  8614 | D:9      | Reached XP level 10. HP: 85/85 MP: 14/14
  8640 | D:9      | Found an ancient bone altar of Kikubaaqudgha.
  8640 | D:9      | Found a sacrificial altar of Ru.
  8641 | D:9      | Found a broken altar of Ashenzari.
  8721 | D:9      | Reached skill level 10 in Fighting
  9309 | D:10     | Entered Level 10 of the Dungeon
  9448 | D:10     | Reached **** piety under Qazlal
 10189 | D:10     | Noticed a green ugly thing
 10198 | D:10     | Killed a green ugly thing
 10439 | D:11     | Identified a scroll of acquirement
 10440 | D:11     | Acquired the +2 shield of Resistance {rF++ rC++ Will++}
 10440 | D:11     | Found the +2 shield of Resistance {rF++ rC++ Will++}
 10579 | D:10     | Reached skill level 1 in Shields
 10900 | D:11     | Reached skill level 11 in Fighting
 10900 | D:11     | Gained mutation: You regenerate a lot of health from kills.
                  | [demonic ancestry]
 10900 | D:11     | Reached XP level 11. HP: 55/93 MP: 17/17
 10940 | D:11     | Noticed a death yak
 10961 | D:11     | Noticed a death yak
 10961 | D:11     | Noticed a death yak
 10962 | D:11     | Noticed a death yak
 10965 | D:11     | Noticed a death yak
 11059 | D:10     | Killed a death yak
 11210 | D:10     | Killed a death yak
 11316 | D:10     | Killed a death yak
 11517 | D:11     | Killed a death yak
 11525 | D:11     | Killed a death yak
 11635 | D:11     | Reached skill level 5 in Armour
 11821 | D:11     | Found a portal to a secret trove of treasure.
 12259 | D:11     | Found a staircase to the Lair.
 12401 | D:11     | Found a broken altar of Ashenzari.
 12849 | D:12     | Found a gate leading to a gauntlet.
 12854 | D:12     | Found a staircase to the Orcish Mines.
 12858 | Gauntlet | Entered a Gauntlet
 12858 | Gauntlet | Found a transporter.
 12868 | Gauntlet | Found a transporter.
 12871 | Gauntlet | Found a transporter.
 12872 | Gauntlet | Found a transporter.
 12880 | Gauntlet | Found a transporter.
 12883 | Gauntlet | Found a transporter.
 12884 | Gauntlet | Found a transporter.
 12892 | Gauntlet | Noticed a hell hog
 12896 | Gauntlet | Found a transporter.
 12897 | Gauntlet | Found a transporter.
 12901 | Gauntlet | Found a transporter.
 12905 | Gauntlet | Found a transporter.
 12906 | Gauntlet | Noticed a dire elephant
 12908 | Gauntlet | Found a transporter.
 12909 | Gauntlet | Found a transporter.
 12913 | Gauntlet | Noticed a ghost crab
 12916 | Gauntlet | Found a runed translucent door.
 12919 | Gauntlet | Found a transporter.
 13380 | Gauntlet | Noticed a spectral deep elf annihilator
 13384 | Gauntlet | Killed a ghost crab
 13385 | Gauntlet | Reached skill level 12 in Fighting
 13400 | Gauntlet | Identified the +0 cloak of Fun {Str+2}
 13418 | Gauntlet | Noticed a minotaur
 13433 | Gauntlet | Killed a minotaur
 13434 | Gauntlet | Reached skill level 5 in Shields
 13434 | Gauntlet | Reached XP level 12. HP: 75/102 MP: 17/19
 13672 | D:12     | Noticed a boulder beetle
 13749 | D:12     | Killed a boulder beetle
 13943 | D:12     | Reached ***** piety under Qazlal
 14568 | D:13     | Noticed a centaur warrior
 14575 | D:13     | Killed a centaur warrior
 14611 | D:13     | Noticed a two-headed ogre
 14620 | D:13     | Killed a two-headed ogre
 14623 | D:13     | Noticed a centaur warrior
 14632 | D:13     | Killed a centaur warrior
 14642 | D:13     | Reached skill level 10 in Invocations
 14781 | D:13     | Noticed a centaur warrior
 14787 | D:13     | Killed a centaur warrior
 14903 | D:13     | Found a runed translucent gate.
 14903 | D:13     | Noticed a centaur warrior
 14904 | D:13     | Found a runed translucent gate.
 14904 | D:13     | Noticed Ofeo's ghost (journeyman AtRe)
 14906 | D:13     | Found a runed translucent gate.
 14906 | D:13     | Noticed a centaur warrior
 14907 | D:13     | Noticed a two-headed ogre
 14974 | D:13     | Noticed Sonja
 14984 | Abyss:1  | Cast into level 1 of the Abyss (Sonja)
 15093 | Abyss:1  | Found a corrupted altar of Lugonu.
 15111 | Abyss:1  | Noticed a starcursed mass
 15124 | Abyss:1  | Killed a starcursed mass
 15201 | Abyss:2  | Noticed a dread lich
 15202 | Abyss:2  | Paralysed by a dread lich for 2 turns
 15211 | Abyss:2  | HP: 3/103 [hellion/damnation[a dread lich] (21)]
 15211 | Abyss:2  | Killed from afar by a hellion

Illustrated notes

Levels and vault maps discovered:
D:1:      wander_arrival_estate, layout_loops_ring, st_stairs_4
D:2:      kennysheep_big_flooded_room, layout_loops_ring, basic_altar,
          hex_large, uniq_natasha
D:3:      layout_loops_ring, gup_sewer_entry_bowl, gammafunk_ghost_split,
          kennysheep_potato, uniq_ijyb
D:4:      layout_basic, nicolae_qazlal_beasts_of_the_sky
D:5:      layout_loops_ring, nicolae_tso_besieged_by_evil,
          minmay_temple_entry_enclosed_plants, serial_undead, serial_undead_e,
          serial_undead_a, serial_undead_f, serial_undead_a, roderic_batcave,
          uniq_edmund
D:6:      layout_basic, nicolae_overflow_hidden_temple,
          nicolae_dithmenos_the_darkroom, gammafunk_ghost_cemetery
D:7:      layout_rooms, marbit_many_paths, kennysheep_nub, item_on_display_a
D:8:      layout_basic, mainiacjoe_overflow_catwalk, uniq_psyche
D:9:      layout_basic, chequers_temple_overflow_statue_of_worship
D:10:     layout_long_grid, ebering_dispersal_statue_hall
D:11:     cheibrodos_grave_circle, layout_long_grid, dpeg_lair_monsters,
          nicolae_trove_entry_path_of_doom, cheibrodos_ashenzari_chains
D:12:     layout_layer_cave, orc_0_dummy, gauntlet_entry_generic,
          nicolae_where_there's_smoke
D:13:     layout_basic, gammafunk_ghost_split, kennysheep_generic_room_2,
          uniq_sonja, uniq_kirke
Abyss:2:  base: D:11, base:
D:10

Skill      XL: |  1  2  3  4  5  6  7  8  9 10 11 12 |
---------------+-------------------------------------+-----
Axes           | 3 |  3.1
Dodging        | 3 4 5 6 7 8 |  8.8
Fighting       | 4 5 6 7 8 9 11 12 | 12.9
Unarmed Combat | 1 2 3 4 5 6 7 |  7.9
Invocations    | 2 4 6 8 9 10 | 10.3
Armour         | 2 4 5 6 |  6.5
Shields        | 1 5 6 |  6.8

Action                     |  1- 3 |  4- 6 |  7- 9 | 10-12 || total
---------------------------+-------+-------+-------+-------++-------
  Melee: Hand axe          |    85 |       |       |       ||    85
         Unarmed           |       |   239 |   367 |   572 ||  1178
 Invoke: Upheaval          |       |       |     2 |       ||     2
    Use: Potion            |       |       |     5 |    11 ||    16
         Scroll            |       |       |       |    16 ||    16
 Armour: Robe              |     3 |       |       |       ||     3
         Leather armour    |    13 |    64 |    61 |    97 ||   235
  Dodge: Dodged            |    60 |   117 |   181 |   217 ||   575
         Repelled          |       |       |       |     4 ||     4
  Block: Orb               |       |    55 |   134 |    42 ||   231
         Reflection        |       |     2 |     4 |    18 ||    24
         Kite shield       |       |       |       |   535 ||   535

Table legend: (Time is in decaauts)
 A = Elapsed time spent in this place.
 B = Non-inter-level travel time spent in this place.
 C = Inter-level travel time spent in this place.
 D = Time resting spent in this place.
 E = Time spent auto-exploring this place.
 F = Levels seen in this place.
 G = Mean time per level.
                   A        B        C        D        E       F      G
               +--------+--------+--------+--------+--------+-----+--------+
         Total |  15158 |  14846 |    312 |   2918 |   8368 |  17 |  891.6 |
       Dungeon |  13808 |  13496 |    312 |   2658 |   7959 |  13 | 1062.2 |
         Abyss |    205 |    205 |      0 |     17 |      0 |   2 |  102.5 |
         Sewer |    573 |    573 |      0 |    106 |    290 |   1 |  573.0 |
      Gauntlet |    570 |    570 |      0 |    137 |    118 |   1 |  570.0 |
               +--------+--------+--------+--------+--------+-----+--------+

Top non-repeatable levels by time:
    D:10: 1849 daAuts
    D:11: 1519 daAuts
     D:6: 1419 daAuts
     D:4: 1319 daAuts
     D:2: 1237 daAuts
     D:5: 1192 daAuts
    D:12: 1178 daAuts
     D:9: 879 daAuts
     D:3: 805 daAuts
     D:1: 763 daAuts
     D:7: 637 daAuts
     D:8: 587 daAuts
   Sewer: 573 daAuts
Gauntlet: 570 daAuts
    D:13: 418 daAuts
